 Dungeon Crawl Stone Soup version 0.21.1-1-g345015f (webtiles) character file.

142014 tyranidshit the Warrior (level 16, -2/156 HPs)
             Began as a Demonspawn Abyssal Knight on July 30, 2018.
             Was the Champion of Lugonu.
             Blown up by an orb spider (31 damage)
             ... with an orb of destruction
             ... on level 4 of the Spider Nest.
             The game lasted 01:39:41 (26269 turns).

tyranidshit the Warrior (DsAK)                     Turns: 26269, Time: 01:39:42

Health: -2/156     AC: 46    Str: 22      XL:     16   Next: 79%
Magic:  15/22      EV:  4    Int: 13 (14) God:    Lugonu [******]
Gold:   2111       SH: 20    Dex: 13      Spells: 12/15 levels left

rFire    + . .     SeeInvis +   M - +2 broad axe (chaos)
rCold    . . .     Gourm    .   Y - +0 large shield
rNeg     . . .     Faith    .   T - +7 plate armour of the Quahog {rElec rPois SInv Stlth+}
rPois    +         Spirit   .   k - +2 hat
rElec    +         Reflect  +   V - +1 cloak
rCorr    .         Harm     .   (no gloves)
MR       +....                  F - +2 pair of boots {Stlth+}
Stlth    ..........             q - +4 amulet of reflection
HPRegen  0.36/turn              u - +3 ring of strength
MPRegen  0.18/turn              n - +5 ring of protection

@: lethally poisoned (-2 -> -7), sanguine armour
A: talons 2, demonic guardian 2, fire resistance 1, mutation resistance 1,
robust 1, augmentation 1, sanguine armour 3
a: Depart the Abyss, Bend Space, Banish, Corrupt, Enter the Abyss, Renounce
Religion


You were on level 4 of the Spider Nest.
You worshipped Lugonu.
Lugonu was exalted by your worship.
You were not hungry.

You visited 5 branches of the dungeon, and saw 28 of its levels.
You visited the Abyss 1 time.
You also visited: Labyrinth.

You collected 2992 gold pieces.
You spent 881 gold pieces at shops.

Inventory:

Hand Weapons
 g - a +1 broad axe of distortion
 M - a +2 broad axe of chaos (weapon)
Armour
 k - a +2 hat (worn)
 r - a +2 crystal plate armour
 E - a +0 helmet
 F - a +2 pair of boots of stealth (worn)
 T - the +7 plate armour of the Quahog (worn) {rElec rPois SInv Stlth+}
   (You took it off a minotaur in a labyrinth)

   It insulates you from electricity.
   It protects you from poison.
   It lets you see invisible.
   It makes you more stealthy.
 V - a +1 cloak (worn)
 Y - a +0 large shield (worn)
Jewellery
 f - an uncursed ring of resist corrosion
 h - an uncursed ring of flight
 n - a +5 ring of protection (right hand)
 q - a +4 amulet of reflection (around neck)
 u - a +3 ring of strength (left hand)
Wands
 l - a wand of disintegration (4)
 m - a wand of flame (20)
 s - a wand of enslavement (42)
 y - a wand of iceblast (10)
 z - a wand of paralysis (51)
 A - a wand of scattershot (3)
 B - a wand of digging (7)
 C - a wand of polymorph (27)
 G - a wand of acid (7)
Scrolls
 a - a scroll of fog
 b - 2 scrolls of teleportation
 e - 10 scrolls of remove curse
 i - a scroll of silence
 j - 4 scrolls of identify
 o - a scroll of brand weapon
 v - 6 scrolls of amnesia
 w - a scroll of magic mapping
Potions
 p - 9 potions of curing
 t - 4 potions of brilliance
 x - a potion of flight
 D - a potion of heal wounds
 H - 2 potions of magic
 O - 2 potions of invisibility
 Q - 5 potions of mutation
Miscellaneous
 d - a lamp of fire
Comestibles
 c - 24 rations


   Skills:
 - Level 17.6 Fighting
 + Level 16.6 Axes
 - Level 10.0 Armour
 - Level 0.8 Dodging
 - Level 8.0 Shields
 - Level 9.1 Invocations
 - Level 7.0 Evocations


You had 12 spell levels left.
You knew the following spells:

 Your Spells              Type           Power        Failure   Level  Hunger
a - Beastly Appendage     Tmut           #.....       100%        1    ##.....
b - Apportation           Tloc           #.....       100%        1    ##.....
c - Animate Skeleton      Necr           N/A          100%        1    ##.....


Dungeon Overview and Level Annotations

Branches:
Dungeon (15/15)            Temple (1/1) D:5            Lair (6/6) D:10
  Swamp (0/4) Lair:3       Spider (4/4) Lair:3        Slime (0/5) Lair:6
    Orc (2/2) D:9             Elf (0/3) Orc:2        Vaults (0/5) D:13
 Depths (0/5) D:15

Altars:
Ashenzari
Cheibriados
Dithmenos
Elyvilon
Fedhas
Gozag
Hepliaklqana
Kikubaaqudgha
Makhleb
Nemelex Xobeh
Okawaru
Qazlal
Ru
Sif Muna
Trog
Uskayaw
Vehumet
Wu Jian
Xom
Yredelemnul
Zin
The Shining One
Beogh

Shops:
D:7 !   D:10 [   Orc:2 [}%!

Portals:
Pandemonium: Orc:2


Innate Abilities, Weirdness & Mutations

You have razor-sharp toenails.
A demonic guardian rushes to your aid.
Your flesh is heat resistant. (rF+)
Your magical and physical power is slightly enhanced at high health.
When seriously injured, your bleeding wounds create very thick armour. (AC +12)
You are somewhat resistant to further mutation.
You are robust. (+10% HP)


Message History

The emperor scorpion claws your soul eater.
The orb spider weaves a glowing orb of energy.
An orb of destruction comes into view.
You slice the ghost moth!!
The ghost moth goes berserk!
The ghost moth is heavily wounded.
You feel sick. You block the ghost moth's attack.
The ghost moth barely misses you.
The ghost moth stings you but does no damage.
Your redback zombie closely misses the emperor scorpion.
Your ice devil closely misses the emperor scorpion.
Your soul eater hits the emperor scorpion but does no damage.
The ghost moth hits you but does no damage.
The ghost moth hits you!
* * * LOW HITPOINT WARNING * * *
You block the ghost moth's attack.
You closely miss the ghost moth.
The ghost moth is heavily wounded.
You hit the emperor scorpion but do no damage.
You feel sick. The orb of destruction hits you!
You die...

##.....##
#.....(.##
#^...≈...#
##.###..≈.#
##≈.#.#..≈.#
#≈.3#.##...#
#Z4...≈#...#
##.sy..≈#...#
#≈.@....#...#
##.≈.§≈≈.##..##
#.≈.#.§≈≈!#...#
#≈.##.ss≈.#...#
#..#..≈.≈.#..##
#≈.# .≈≈!.#..#
#..##.≈≈..#..#
#
##..#.≈≈..#≈.##
.. #3.# ##...#
..


You could see 2 emperor scorpions, a ghost moth (berserk), an orb spider, a
friendly soul eater, a friendly ice devil and a friendly redback zombie.

Vanquished Creatures
  Frances (D:13)
  Roxanne (Spider:1)
  2 ghost moths (Spider:3)
  4 emperor scorpions
  The ghost of wojtek the Cleaver, a journeyman MiFi of Makhleb (Orc:2)
  Azrael (Spider:1)
  An ettin (shapeshifter) (D:15)
  A minotaur (Lab)
  A rakshasa (D:15)
  Josephine (Spider:1)
  An ogre mage (D:15)
  A vault guard (D:13)
  6 two-headed ogres
  A centaur warrior (D:13)
  Urug (Lair:2)
  4 orc high priests (Orc:2)
  A sixfirhy (Spider:4)
  A glowing orange brain (D:15)
  2 unseen horrors (D:15)
  A wizard (D:13)
  2 orc knights (D:15)
  18 wolf spiders
  13 orb spiders
  2 orc sorcerers
  2 manticores (D:14)
  A faun (Orc:2)
  4 cyclopes
  4 elephants (Lair:6)
  A rust devil (Orc:2)
  19 ugly things
  Joseph (D:10)
  A centaur skeleton (D:10)
  A torpor snail (Spider:2)
  13 spiny frogs
  An eye of devastation (Lair:6)
  2 kobold demonologists (D:12)
  2 rime drakes
  4 komodo dragons
  6 demonic crawlers
  A yaktaur (Lair:6)
  A hellwing (Orc:2)
  2 ice devils (Lair:4)
  17 jumping spiders
  A meliai (shapeshifter) (D:15)
  2 tengu conjurers
  A polar bear (Lair:2)
  A queen bee (shapeshifter) (D:15)
  Prince Ribbit (Lair:3)
  2 tyrant leeches (Lair:6)
  3 trolls
  3 hornets
  23 blink frogs
  11 slime creatures (D:15)
  8 hippogriffs
  4 dream sheep
  A centaur simulacrum (D:15)
  4 wraiths
  66 redbacks
  26 tarantellas
  5 wyverns
  6 humans (D:13)
  2 basilisks (Lair:4)
  16 yaks
  A fire elemental (Spider:1)
  A steam dragon (shapeshifter) (D:15)
  3 steam dragons
  3 hungry ghosts
  7 vampire mosquitoes
  A swamp worm (Lair:3)
  The ghost of dvd the Firebug, an amateur OpFE (D:3)
  3 hell hounds
  9 porcupines
  12 water moccasins
  38 orc warriors
  2 sky beasts
  A phantom (D:11)
  2 ice beasts (D:11)
  2 eyes of draining
  18 ogres
  2 wolves (Lair:1)
  6 necrophages
  4 centaurs
  11 crocodiles
  3 big kobolds
  11 bullfrogs
  A wyvern zombie (D:13)
  3 scorpions
  7 howler monkeys
  3 electric eels
  8 crimson imps
  A centaur zombie (D:5)
  2 quasits
  2 bullfrog zombies
  28 orc priests
  26 orc wizards
  3 hounds
  4 jellies
  8 worker ants
  A killer bee zombie (D:7)
  A hound zombie (D:9)
  A hound skeleton (D:6)
  3 worker ant zombies
  15 adders
  5 shadow imps
  An ooze (shapeshifter) (Lair:6)
  An ooze (D:1)
  2 adder skeletons
  3 worms
  2 dart slugs (D:1)
  4 leopard geckos
  88 orcs
  2 ball pythons
  3 giant cockroaches
  4 goblins
  4 hobgoblins
  7 jackals
  A quokka (D:7)
  4 bats
  8 frilled lizards
  A giant cockroach zombie (D:5)
  15 kobolds
  A leopard gecko zombie (D:6)
  8 rats
  4 fungi
  4 plants
767 creatures vanquished.

Vanquished Creatures (collateral kills)
  Rupert (D:12)
  A frost giant (D:13)
  An emperor scorpion (Spider:4)
  A fire giant (D:8)
  An entropy weaver (Spider:3)
  A stone giant (Orc:1)
  A minotaur (Spider:4)
  5 hydras
  Fannar (D:11)
  A vault guard (D:13)
  Erolcha (D:9)
  A centaur warrior (D:15)
  4 two-headed ogres (D:13)
  A tengu warrior (D:13)
  4 death yaks (Lair:2)
  2 orc high priests (Orc:2)
  Sonja (D:14)
  A wizard (D:13)
  2 torturous demonspawn (Orc:2)
  A necromancer (D:13)
  An orc knight (Orc:2)
  4 orb spiders
  2 orc sorcerers (Orc:2)
  6 ugly things
  5 wolf spiders
  A moth of wrath (Spider:2)
  A rust devil (Orc:2)
  2 black mambas
  A gargoyle (D:11)
  6 spiny frogs
  A smoke demon (Orc:2)
  A yaktaur (D:13)
  A kobold demonologist (D:12)
  A hellwing (Orc:2)
  A demonic crawler (Spider:3)
  A tengu conjurer (D:13)
  A troll (D:13)
  A tyrant leech (Lair:6)
  4 jumping spiders
  3 hippogriffs
  10 blink frogs
  A slime creature (D:11)
  A dream sheep (Lair:6)
  5 tarantellas
  14 redbacks
  16 yaks
  A wyvern (Lair:5)
  3 wraiths (Spider:1)
  13 humans (D:13)
  5 basilisks (Lair:5)
  2 fire elementals (Spider:1)
  A hungry ghost (D:12)
  A vampire mosquito (Lair:6)
  2 water moccasins (Lair:6)
  2 hell hounds (Spider:1)
  5 orc warriors
  4 wolves (Lair:1)
  A sky beast (D:7)
  11 ogres
  4 centaurs
  A crocodile (Lair:2)
  9 bullfrogs
  A howler monkey (D:12)
  An electric eel (Lair:6)
  A bullfrog zombie (D:10)
  A crimson imp (D:9)
  A jelly (D:5)
  3 orc priests
  4 orc wizards
  A bullfrog skeleton (D:10)
  2 worker ants
  A hound skeleton (D:8)
  4 adders
  A howler monkey skeleton (D:8)
  5 orcs
  A plant (Lair:2)
215 creatures vanquished.

Vanquished Creatures (others)
  A slime creature (D:11)
  A hydra (Spider:4)
  An orc high priest (Orc:2)
  3 orc knights (Orc:2)
  2 orc sorcerers (Orc:2)
  A tyrant leech (Lair:3)
  A redback (Spider:4)
  A fire elemental (Spider:1)
  A water moccasin (Lair:6)
  An orc wizard (D:14)
  3 orcs
  A kobold (D:12)
  11 fungi
  25 plants
53 creatures vanquished.

Grand Total: 1035 creatures vanquished

Notes
Turn   | Place    | Note
-------+----------+-------------------------------------------
     0 | Abyss:1  | tyranidshit the Demonspawn Abyssal Knight began the quest for the Orb.
     0 | Abyss:1  | Reached XP level 1. HP: 18/18 MP: 2/2
    49 | Abyss:1  | Noticed a small abomination
    53 | D:1      | Escaped the Abyss
   141 | D:1      | Gained mutation: You have sharp toenails. [demonic ancestry]
   141 | D:1      | Reached XP level 2. HP: 16/24 MP: 3/3
   339 | D:1      | Reached * piety under Lugonu
   431 | D:1      | Reached skill level 4 in Fighting
   516 | D:1      | Gained mutation: You passively map a small area around you. [potion of mutation]
   516 | D:1      | Gained mutation: You are somewhat resistant to further mutation. [potion of mutation]
   516 | D:1      | Gained mutation: Your muscles are strong. (Str +2) [potion of mutation]
   908 | D:2      | Gained mutation: Your flesh is heat resistant. (rF+) [demonic ancestry]
   908 | D:2      | Reached XP level 3. HP: 28/31 MP: 4/4
  1564 | D:2      | Reached skill level 5 in Fighting
  1564 | D:2      | Reached XP level 4. HP: 36/39 MP: 5/5
  1762 | D:3      | Found a shimmering altar of Xom.
  1784 | D:3      | Noticed dvd's ghost (amateur OpFE)
  1893 | D:3      | Reached ** piety under Lugonu
  1934 | D:3      | Noticed a hungry ghost
  1978 | D:3      | Killed a hungry ghost
  1978 | D:3      | Gained mutation: When seriously injured, your bleeding wounds create armour. (AC +12) [demonic ancestry]
  1978 | D:3      | Reached XP level 5. HP: 21/44 MP: 6/6
  2106 | D:3      | Killed dvd's ghost
  2106 | D:3      | Gained mutation: A weak demonic guardian rushes to your aid. [demonic ancestry]
  2106 | D:3      | Reached XP level 6. HP: 41/51 MP: 7/7
  2111 | D:3      | Lost mutation: You are somewhat resistant to further mutation. [potion of mutation]
  2111 | D:3      | Lost mutation: Your muscles are strong. (Str +2) [potion of mutation]
  2111 | D:3      | Lost mutation: You passively map a small area around you. [potion of mutation]
  2111 | D:3      | Gained mutation: You are agile. (Dex +2) [potion of mutation]
  2111 | D:3      | Gained mutation: Your magical capacity is low. (-10% MP) [potion of mutation]
  2111 | D:3      | Gained mutation: You are very agile. (Dex +4) [potion of mutation]
  2779 | D:4      | Reached skill level 5 in Armour
  2847 | D:4      | Lost mutation: You are very agile. (Dex +4) [potion of mutation]
  2847 | D:4      | Lost mutation: Your magical capacity is low. (-10% MP) [potion of mutation]
  2847 | D:4      | Lost mutation: You are agile. (Dex +2) [potion of mutation]
  2847 | D:4      | Gained mutation: You are somewhat resistant to further mutation. [potion of mutation]
  2847 | D:4      | Gained mutation: You are robust. (+10% HP) [potion of mutation]
  2887 | D:4      | Reached XP level 7. HP: 50/61 MP: 8/8
  2901 | D:4      | Reached skill level 6 in Fighting
  3302 | D:5      | Entered Level 5 of the Dungeon
  3310 | D:5      | Reached skill level 7 in Fighting
  3434 | D:5      | Reached skill level 8 in Fighting
  3434 | D:5      | Reached XP level 8. HP: 57/75 MP: 8/14
  3474 | D:5      | Reached *** piety under Lugonu
  3533 | D:5      | Gained mutation: A demonic guardian rushes to your aid. [demonic ancestry]
  3533 | D:5      | Reached XP level 9. HP: 55/82 MP: 15/15
  3692 | D:5      | Found a staircase to the Ecumenical Temple.
  3709 | Temple   | Entered the Ecumenical Temple
  4187 | D:6      | Reached skill level 9 in Fighting
  4188 | D:6      | Found a shadowy altar of Dithmenos.
  4622 | D:6      | Found a burning altar of Makhleb.
  4915 | D:7      | Found Jocugg's Distillery.
  5218 | D:7      | Got a pair of crude gloves
  5219 | D:7      | Identified the cursed +0 pair of gloves "Haojestrie" {+Blink rF+} (You found it on level 7 of the Dungeon)
  5289 | D:7      | Reached **** piety under Lugonu
  5383 | D:7      | Found a hazy altar of Hepliaklqana.
  5406 | D:7      | Found a stormy altar of Qazlal.
  5409 | D:7      | Found a sacrificial altar of Ru.
  5425 | D:7      | Found a shattered altar of Ashenzari.
  5428 | D:7      | Found a sparkling altar of Nemelex Xobeh.
  5874 | D:8      | Reached skill level 10 in Fighting
  5886 | D:8      | Found a transporter.
  5886 | D:8      | Noticed a fire giant
  5887 | D:8      | Found a transporter.
  5903 | D:8      | Found a radiant altar of Vehumet.
  5946 | D:8      | Noticed a green ugly thing
  5955 | D:8      | Killed a green ugly thing
  6102 | D:8      | Found an iron altar of Okawaru.
  6299 | D:8      | Gained mutation: When seriously injured, your bleeding wounds create thick armour. (AC +12) [demonic ancestry]
  6299 | D:8      | Reached XP level 10. HP: 49/94 MP: 16/16
  6549 | D:8      | Killed a fire giant
  6549 | D:8      | Reached skill level 11 in Fighting
  6623 | D:9      | Found a staircase to the Orcish Mines.
  6627 | D:9      | Noticed Erolcha
  6640 | D:9      | Killed Erolcha
  7278 | D:10     | Entered Level 10 of the Dungeon
  7414 | D:10     | Noticed Joseph
  7428 | D:10     | Killed Joseph
  7512 | D:10     | Reached ***** piety under Lugonu
  7555 | D:10     | Found Daceget's Antique Armour Boutique.
  7566 | D:10     | Bought a pair of runed boots for 225 gold pieces
  7578 | D:10     | Learned a level 1 spell: Beastly Appendage
  7595 | D:10     | Found a staircase to the Lair.
  7766 | D:10     | Got an opal-encrusted scale mail
  7767 | D:10     | Identified the cursed +1 scale mail of the Hunter {rPois rN+ Dex+2} (You found it on level 10 of the Dungeon)
  7803 | D:10     | Reached XP level 11. HP: 88/102 MP: 17/17
  8143 | D:11     | Noticed a purple ugly thing
  8176 | D:11     | Killed a purple ugly thing
  8176 | D:11     | Reached skill level 5 in Axes
  8301 | D:11     | Noticed Fannar
  8306 | D:11     | Killed Fannar
  8395 | D:11     | Noticed a green ugly thing
  8416 | D:11     | Killed a green ugly thing
  8473 | D:11     | Noticed a two-headed ogre
  8489 | D:11     | Killed a two-headed ogre
  8653 | Lair:1   | Entered Level 1 of the Lair of Beasts
  9005 | Lair:1   | Reached skill level 12 in Fighting
  9242 | D:12     | Noticed a cyan ugly thing
  9268 | D:12     | Killed a cyan ugly thing
  9294 | D:12     | Noticed Rupert
  9315 | D:12     | Killed Rupert
  9329 | D:12     | Noticed a seven-headed hydra
  9338 | D:12     | Killed a seven-headed hydra
  9353 | D:12     | Gained mutation: You have razor-sharp toenails. [demonic ancestry]
  9353 | D:12     | Reached XP level 12. HP: 61/112 MP: 18/18
  9380 | D:12     | Reached skill level 13 in Fighting
  9956 | D:13     | Got a bronze ring mail
 10027 | D:13     | Identified the cursed +1 ring mail of Too Many Cooks {rPois rF+ MP-9} (You found it on level 13 of the Dungeon)
 10299 | D:13     | Reached skill level 14 in Fighting
 10330 | D:13     | Found a gate to the Vaults.
 10330 | D:13     | Noticed a vault guard
 10330 | D:13     | Noticed a vault guard
 10375 | D:13     | Killed a vault guard
 10379 | D:13     | Killed a vault guard
 10444 | D:13     | Noticed a centaur warrior
 10474 | D:13     | Killed a centaur warrior
 10488 | D:13     | Reached skill level 15 in Fighting
 10532 | D:13     | Noticed a two-headed ogre
 10540 | D:13     | Noticed a two-headed ogre
 10541 | D:13     | Noticed a frost giant
 10541 | D:13     | Killed a two-headed ogre
 10547 | D:13     | Noticed a two-headed ogre
 10551 | D:13     | HP: 3/119 [frost giant/bolt of cold (47)]
 10561 | D:13     | Noticed a two-headed ogre
 10561 | D:13     | Noticed a two-headed ogre
 10563 | D:13     | Noticed a two-headed ogre
 10565 | D:13     | Noticed Frances
 10568 | D:13     | Noticed a two-headed ogre
 10570 | D:13     | Noticed a two-headed ogre
 10572 | D:13     | Killed a two-headed ogre
 10587 | D:13     | HP: 4/121 [yak (9)]
 10727 | Lair:1   | Reached ****** piety under Lugonu
 11402 | Lair:2   | Noticed a death yak
 11402 | Lair:2   | Noticed a death yak
 11402 | Lair:2   | Noticed a death yak
 11403 | Lair:2   | Noticed a death yak
 11430 | Lair:2   | Killed a death yak
 11430 | Lair:2   | Reached XP level 13. HP: 63/127 MP: 14/19
 11454 | Lair:2   | Reached skill level 10 in Armour
 11482 | Lair:2   | Noticed Urug
 11490 | Lair:2   | Killed Urug
 12262 | Lair:3   | Noticed Prince Ribbit
 12269 | Lair:3   | Killed Prince Ribbit
 12475 | Lair:3   | Found a hole to the Spider Nest.
 12860 | Lair:3   | Found a staircase to the Swamp.
 13287 | Lair:4   | Reached skill level 10 in Axes
 13306 | Lair:4   | Found a frozen archway.
 14186 | Lair:5   | Found a labyrinth entrance.
 14196 | Lab      | Entered a labyrinth
 14628 | Lab      | Noticed a minotaur
 14641 | Lab      | Killed a minotaur
 14643 | Lab      | Got a smoking plate armour
 14648 | Lab      | Identified the +7 plate armour of the Quahog {rElec rPois SInv Stlth+} (You took it off a minotaur in a labyrinth)
 14676 | Lab      | Identified the Guide on Clay
 15003 | D:13     | Reached skill level 1 in Shields
 15432 | Lair:5   | Identified an uncursed broad axe of distortion (a broad axe corrupted by Lugonu)
 15432 | Lair:5   | Received a gift from Lugonu
 15440 | Lair:5   | Learned a level 1 spell: Apportation
 15442 | Lair:5   | Learned a level 1 spell: Animate Skeleton
 15721 | Lair:6   | Entered Level 6 of the Lair of Beasts
 15731 | Lair:6   | Found a staircase to the Slime Pits.
 15926 | Lair:6   | Reached skill level 5 in Shields
 16141 | Lair:6   | Gained mutation: Your magical and physical power is slightly enhanced at high health. [demonic ancestry]
 16141 | Lair:6   | Reached XP level 14. HP: 122/135 MP: 20/20
 16576 | Lair:6   | Got a crystal flail
 16601 | Lair:6   | Identified the cursed +0 flail "Jellyslayer" {drain, rC+ Str-2 Int+4 SInv} (You found it on level 6 of the Lair of Beasts)
 16969 | Orc:1    | Entered Level 1 of the Orcish Mines
 17248 | Orc:1    | Noticed a stone giant
 17258 | Orc:1    | Killed a stone giant
 17577 | Orc:2    | Entered Level 2 of the Orcish Mines
 17755 | Orc:2    | Found a runed door.
 17795 | Orc:2    | Found a roughly hewn altar of Beogh.
 18037 | Orc:2    | Found a staircase to the Elven Halls.
 18121 | Orc:2    | Noticed wojtek's ghost (journeyman MiFi)
 18281 | Orc:2    | Killed wojtek's ghost
 18296 | Orc:2    | Found Lesaosil's Distillery.
 18328 | Orc:2    | Reached skill level 16 in Fighting
 18329 | Orc:2    | Found Doezairr's Food Emporium.
 18933 | Orc:2    | Paralysed by an orc sorcerer for 5 turns
 19386 | Orc:2    | Found Bijoicw's Gadget Shop.
 19386 | Orc:2    | Found Ujoinadd's Antique Armour Boutique.
 19390 | Orc:2    | Found a one-way gate leading to the halls of Pandemonium.
 19490 | Orc:2    | Bought a potion of heal wounds for 80 gold pieces
 19490 | Orc:2    | Bought a potion of mutation for 128 gold pieces
 19490 | Orc:2    | Bought a potion of mutation for 128 gold pieces
 19490 | Orc:2    | Bought a potion of resistance for 160 gold pieces
 19490 | Orc:2    | Bought a potion of haste for 160 gold pieces
 19734 | D:13     | Reached skill level 17 in Fighting
 19780 | D:13     | Killed Frances
 19862 | D:13     | Reached XP level 15. HP: 67/147 MP: 21/21
 19969 | D:13     | Killed a frost giant
 20479 | D:14     | Noticed Sonja
 20490 | D:14     | Killed Sonja
 20708 | D:14     | Found an ancient bone altar of Kikubaaqudgha.
 21394 | D:15     | Entered Level 15 of the Dungeon
 22034 | D:15     | Found a staircase to the Depths.
 22386 | Spider:1 | Entered Level 1 of the Spider Nest
 22431 | Spider:1 | Noticed Josephine
 22441 | Spider:1 | Killed Josephine
 22517 | Spider:1 | Noticed Roxanne
 23105 | Spider:1 | Noticed Azrael
 23164 | Spider:1 | Killed Azrael
 23510 | Spider:1 | Killed Roxanne
 24012 | Spider:2 | Gained mutation: When seriously injured, your bleeding wounds create very thick armour. (AC +12) [demonic ancestry]
 24012 | Spider:2 | Reached XP level 16. HP: 118/156 MP: 22/22
 24646 | Spider:2 | Reached skill level 15 in Axes
 25432 | Spider:4 | Entered Level 4 of the Spider Nest
 26269 | Spider:4 | Blown up by an orb spider

Skill      XL: |  1  2  3  4  5  6  7  8  9 10 11 12 13 14 15 16 |
---------------+-------------------------------------------------+-----
Fighting       | 4 5 8 10 11 12 15 17 | 17.6
Armour         | 3 4 5 6 7 9 10 | 10.0
Axes           | 4 8 11 14 16 | 16.6
Invocations    | 8 9 |  9.1
Evocations     | 6 7 |  7.0
Shields        | 5 8 |  8.0
Dodging        | |  0.8

Action                   |  1- 3 |  4- 6 |  7- 9 | 10-12 | 13-15 | 16-18 || total
-------------------------+-------+-------+-------+-------+-------+-------++-------
Melee: Hand axe          |   113 |   129 |   373 |   960 |    54 |       ||  1629
       Kick              |    11 |    25 |    99 |    46 |       |       ||   181
       Broad axe         |       |       |       |       |  1409 |   432 ||  1841
Invok: Depart the Abyss  |     1 |       |       |       |       |       ||     1
       Banish            |       |       |       |     3 |    12 |     1 ||    16
       Bend Space        |       |       |       |     2 |     1 |       ||     3
       Brand Weapon With |       |       |       |       |     1 |       ||     1
 Abil: Evoke Flight      |       |       |       |       |     1 |       ||     1
Evoke: Wand              |       |       |       |    15 |    16 |       ||    31
       Lamp of fire      |       |       |       |       |     1 |       ||     1
  Use: Scroll            |     6 |       |     6 |    20 |    18 |     2 ||    52
       Potion            |     3 |     4 |     5 |    11 |    13 |       ||    36
 Stab: Distracted        |       |       |       |     3 |     4 |     3 ||    10
       Paralysed         |       |       |       |       |    31 |     6 ||    37
       Petrifying        |       |       |       |       |     5 |     6 ||    11
       Petrified         |       |       |       |       |    26 |     5 ||    31
       Confused          |       |       |       |       |     4 |     3 ||     7
  Eat: Ration            |     1 |     5 |     4 |     6 |    14 |     2 ||    32
       Chunk             |     1 |       |       |       |     3 |     1 ||     5
Armor: Leather armour    |    21 |       |       |       |       |       ||    21
       Ring mail         |    27 |    17 |       |       |       |       ||    44
       Chain mail        |       |    71 |    89 |       |       |       ||   160
       Crystal plate arm |       |       |   182 |   942 |   441 |       ||  1565
       Plate armour      |       |       |       |       |   758 |   352 ||  1110
Dodge: Dodged            |    67 |    48 |    79 |   133 |   185 |    49 ||   561
Block: Other             |       |       |    42 |   155 |    71 |       ||   268
       Reflection        |       |       |     1 |     7 |    35 |       ||    43
       Large shield      |       |       |       |       |  1247 |   554 ||  1801
